Match 41556788
Unlisted

Match 41556788
End
Construct Infanterie Kompanie
Selects Italian Coastal Battlegroup
Selects Coastal Reserves
Coastal Reserve
MG 42 Machine Gun Team
Coastal Reserve
Construct Panzergrenadier Kompanie
Medical Bunker
Selects Artillery Officer
Artillery Officer
Pak 40 Anti-tank Gun Team
Panzergrenadier Squad
Construct Panzer Kompanie
Stoßtruppen Squad
Forward Retreat Point
Panzer IV Medium Tank
MG 42 Bunker
Selects Obice da 210/22 Artillery Emplacement
Panzer IV Medium Tank
Artillery Officer
Side Skirts
Selects Designate Defensive Line
Selects Designated Artillery Overwatch
Designated Artillery Overwatch
Panzer IV Medium Tank
zenlew
gr.ape
Vida
Lancyin
wila
渡筱雨
치실
J
0
0

Comments sign in to comment!

No comments posted yet!